 Dungeon Crawl Stone Soup version 0.31-a0-175-g9f7f995f2b (webtiles) character file.

Game seed: 5091637078749919856

2523 Anon1729 the Trooper (level 9, 0/78 (80) HPs)
             Began as a Minotaur Monk on June 16, 2023.
             Slain by a wight
             ... wielding a +4 long sword
              (4 damage)
             ... on level 7 of the Dungeon.
             The game lasted 00:03:43 (6338 turns).

Anon1729 the Trooper (Minotaur Monk)                Turns: 6338, Time: 00:03:44

HP:   0/78 (80)     AC: 11    Str: 17    XL:     9   Next: 29%
MP:   12/12         EV: 10    Int:  7    God:
Gold: 325           SH:  0    Dex: 16    Spells: 8/8 levels left

rFire   . . .        q - +1 dagger (venom)
rCold   . . .        d - orb {light}
rNeg    . . .        m - +0 chain mail
rPois   +            (helmet restricted)
rElec   .            u - +0 cloak
rCorr   .            (no gloves)
SInv    .            (no boots)
Will    +....        (no amulet) Stlth
                     k - ring of poison resistance
HPRegen 0.33/turn    n - ring of willpower
MPRegen 0.13/turn

%: no passive effects
@: glowing, lightly drained
A: horns 2, retaliatory headbutt
a: no special abilities


You were on level 7 of the Dungeon.
You visited 2 branches of the dungeon, and saw 8 of its levels.

You collected 361 gold pieces.
You spent 36 gold pieces at shops.

Inventory:

Hand Weapons
 a - a +0 short sword
 q - a +1 dagger of venom (weapon)
Armour
 b - a +0 robe
 d - an orb of light (worn)
 m - a +0 chain mail (worn)
 u - a +0 cloak (worn)
Jewellery
 k - a ring of poison resistance (left hand)
 n - a ring of willpower (right hand)
 v - a ring of protection from fire
 E - an amulet of guardian spirit
Wands
 w - a wand of digging (4)
 y - a wand of flame (12)
Scrolls
 e - 3 scrolls of noise {unknown}
 g - 9 scrolls of identify {unknown}
 i - a scroll of blinking {unknown}
 l - 4 scrolls of vulnerability {unknown}
 o - 2 scrolls of amnesia {unknown}
 p - a scroll of enchant weapon {unknown}
 r - 4 scrolls of poison {unknown}
 s - 2 scrolls of revelation {unknown}
 t - 2 scrolls of teleportation {unknown}
 z - a scroll of fear {unknown}
 B - a scroll of immolation {unknown}
Potions
 c - a potion of ambrosia
 f - a potion of invisibility {unknown}
 h - 2 potions of heal wounds {unknown}
 j - 2 potions of attraction {unknown}
 x - 2 potions of cancellation {unknown}
 A - a potion of lignification {unknown}
 C - a potion of haste {unknown}
 D - a potion of degeneration {unknown}
 F - a potion of curing


   Skills:
 + Level 7.6 Fighting
 + Level 7.0 Short Blades
 + Level 6.5 Armour
 + Level 7.0 Dodging
 + Level 5.4 Invocations


You had 8 spell levels left.
You didn't know any spells.
Your spell library contained the following spells:

 Spells                   Type           Power      Damage    Failure   Level
 Portal Projectile        Hex/Tloc       0%         N/A       100%        3
 Tukima's Dance           Hex            0%         N/A       100%        3
 Blade Hands              Tmut           0%         N/A       100%        5


Dungeon Overview and Level Annotations

Branches:
Dungeon (7/15)             Temple (1/1) D:4

Altars:
Cheibriados
Dithmenos
Elyvilon
Hepliaklqana
Okawaru
Ru
Wu Jian
Yredelemnul
Lugonu

Shops:
D:1 (   D:3 !

Annotations:
D:4 3 runed translucent doors, bmj180's ghost, amateur NaVM


Innate Abilities, Weirdness & Mutations

You have a pair of horns on your head.
You reflexively headbutt those who attack you in melee.


Message History

A boulder beetle comes into view.
You hit the wight but do no damage. You hit the wight but do no damage.
An orc comes into view. It is wielding a +0 club.
You hit the wight but do no damage. You headbutt the wight!
The wight is heavily damaged.
The wight hits you with a +0 hand axe.
You hit the wight. Your headbutt misses the wight.
The wight is heavily damaged.
You hit the wight.
The wight is heavily damaged.
The wight barely misses you.
The wight hits you with a +4 long sword!
The wight hits you with a +0 scimitar!
* * * LOW HITPOINT WARNING * * *
The wight barely misses you. The wight hits you but does no damage.
The wight attacks as you move away! The wight closely misses you.
You furiously retaliate!
You headbutt the wight!
You destroy the wight!
The wight attacks as you move away! The wight barely misses you.
The wight attacks as you move away!
The wight hits you with a +4 long sword.
* * * LOW HITPOINT WARNING * * *
You feel drained.
* * * LOW HITPOINT WARNING * * *
The wight attacks as you move away!
The wight hits you with a +4 long sword.
* * * LOW HITPOINT WARNING * * *
The wight attacks as you move away!
The wight hits you with a +4 long sword.
* * * LOW HITPOINT WARNING * * *
The wight attacks as you move away!
The wight hits you with a +4 long sword!
* * * LOW HITPOINT WARNING * * *
The orc wizard mumbles some strange words.
The orc wizard flickers and vanishes!
The wight attacks as you move away!
The wight hits you with a +4 long sword.
You die... ..+.....## oo..

#.#.....o# o..
#.#.....{## ..
#.#.......# .
#.######.##
#.......z#
.########.......z#
................z#
########........@#
#......'>..#####.#
#.######...# #.#
#..........#####'##
###...#....#......#
......#.#'##......#
###.###.#.##......#
# #.....#.##......#
###
#########.##......#
#..


You could see 3 wights and an orc.

Vanquished Creatures
  A steam dragon (D:7)
  Menkaure (D:4)
  4 sky beasts
  An ice beast (D:7)
  2 ogres
  2 kobold brigands
  5 bullfrogs
  A gnoll sergeant (D:6)
  4 scorpions
  A wight (D:7)
  5 killer bees (D:7)
  3 hounds (D:5)
  3 jellies
  An iguana (D:5)
  A sleepcap (D:6)
  3 orc wizards (D:5)
  Robin (D:4)
  9 gnolls (D:6)
  9 adders
  A shadow imp (D:6)
  A white imp (D:5)
  2 dart slugs (D:2)
  15 orcs
  8 ball pythons
  5 bats
  4 endoplasms
  5 giant cockroaches
  16 goblins
  6 hobgoblins
  10 jackals
  5 quokkas
  2 frilled lizards
  13 kobolds
  7 rats
157 creatures vanquished.

Notes
Turn   | Place    | Note
-------+----------+-------------------------------------------
     0 | D:1      | Anon1729 the Minotaur Monk began the quest for the Orb.
     0 | D:1      | Reached XP level 1. HP: 19/19 MP: 0/0
   231 | D:1      | Found Nuskufud's Weapon Boutique.
   245 | D:1      | Reached XP level 2. HP: 27/27 MP: 1/1
   503 | D:2      | Reached skill level 1 in Armour
   647 | D:2      | Reached skill level 1 in Invocations
   671 | D:2      | Reached XP level 3. HP: 33/33 MP: 2/2
   981 | D:2      | Reached XP level 4. HP: 35/40 MP: 2/4
  1483 | D:3      | Found a faded altar of an unknown god.
  1751 | D:3      | Found Oraymer's Distillery.
  1758 | D:3      | Bought a potion of curing for 36 gold pieces
  2256 | D:4      | Noticed Robin
  2263 | D:4      | Killed Robin
  2387 | D:4      | Noticed a sky beast
  2394 | D:4      | Killed a sky beast
  2395 | D:4      | Reached XP level 5. HP: 46/47 MP: 5/5
  2510 | D:4      | Noticed Menkaure
  2521 | D:4      | HP: 2/47 [Menkaure/nerve-wracking pain (8)]
  2525 | D:4      | Killed Menkaure
  2526 | D:4      | Reached skill level 5 in Fighting
  2526 | D:4      | Reached XP level 6. HP: 15/56 MP: 6/6
  2971 | D:4      | Found a runed translucent gate.
  2973 | D:4      | Found a runed translucent gate.
  2974 | D:4      | Found a runed translucent gate.
  2976 | D:4      | Noticed bmj180's ghost (amateur NaVM)
  3022 | D:4      | Found a staircase to the Ecumenical Temple.
  3028 | Temple   | Entered the Ecumenical Temple
  3202 | D:5      | Entered Level 5 of the Dungeon
  3213 | D:5      | Reached XP level 7. HP: 61/61 MP: 8/8
  3240 | D:5      | Reached skill level 5 in Short Blades
  3240 | D:5      | Reached skill level 5 in Dodging
  4493 | D:6      | Found a hazy altar of Hepliaklqana.
  4501 | D:6      | Found a sacrificial altar of Ru.
  4723 | D:6      | Reached XP level 8. HP: 31/70 MP: 9/9
  4946 | D:6      | Reached skill level 5 in Armour
  5796 | D:7      | Reached skill level 5 in Invocations
  5871 | D:7      | Reached XP level 9. HP: 50/79 MP: 11/11
  6321 | D:7      | Noticed a boulder beetle
  6338 | D:7      | Slain by a wight

Illustrated notes

Levels and vault maps discovered:
D:1:      scummos_arrival_hexagon, layout_basic, serial_shops, shop
D:2:      layout_basic
D:3:      layout_loops_corners, basic_ecumenical_altar, serial_shops,
          nicolae_shop_trees
D:4:      layout_rooms, minmay_temple_entry_gardened_gates,
          gammafunk_ghost_nasty_kobolds, uniq_menkaure, uniq_robin
D:5:      layout_gridville, minmay_misc_feat_tiny, minmay_misc_feat_plants,
          kb_lookout_dungeons_type
D:6:      layout_loops_ring, mainiacjoe_overflow_large_starburst,
          kennysheep_generic_room_13
D:7:      cheibrodos_barr_body, layout_basic, serial_glass, glass_columns_a,
          glass_columns_b, glass_columns_c, glass_columns_a, grunt_potential
Temple:   corrupted_temple

Skill      XL: |  1  2  3  4  5  6  7  8  9 |
---------------+----------------------------+-----
Armour         | 1 2 3 4 6 |  6.5
Invocations    | 1 2 3 5 |  5.4
Fighting       | 4 5 6 7 |  7.6
Short Blades   | 4 5 6 7 |  7.0
Dodging        | 4 5 6 7 |  7.0

Action                     |  1- 3 |  4- 6 |  7- 9 || total
---------------------------+-------+-------+-------++-------
  Melee: Short sword       |    37 |       |       ||    37
         Headbutt          |    16 |    41 |    83 ||   140
         Dagger            |    29 |   119 |   240 ||   388
  Evoke: Wand              |       |       |     3 ||     3
    Use: Potion            |       |     3 |       ||     3
 Armour: Robe              |     4 |       |       ||     4
         Chain mail        |    26 |    66 |    77 ||   169
  Dodge: Dodged            |    37 |    47 |    93 ||   177

Table legend: (Time is in decaauts)
 A = Elapsed time spent in this place.
 B = Non-inter-level travel time spent in this place.
 C = Inter-level travel time spent in this place.
 D = Time resting spent in this place.
 E = Time spent auto-exploring this place.
 F = Levels seen in this place.
 G = Mean time per level.
                   A        B        C        D        E       F      G
               +--------+--------+--------+--------+--------+-----+--------+
         Total |   6229 |   5960 |    269 |    613 |   4507 |   8 |  778.6 |
       Dungeon |   6186 |   5930 |    256 |    613 |   4482 |   7 |  883.7 |
        Temple |     42 |     30 |     12 |      0 |     25 |   1 |   42.0 |
               +--------+--------+--------+--------+--------+-----+--------+

Top non-repeatable levels by time:
     D:5: 1228 daAuts
     D:6: 1149 daAuts
     D:3: 939 daAuts
     D:2: 911 daAuts
     D:4: 803 daAuts
     D:7: 684 daAuts
     D:1: 468 daAuts
  Temple: 42 daAuts
